 Dungeon Crawl Stone Soup version 0.25-a0-734-g73332aeda9 (webtiles) character file.

Game seed: 2593281749192130685, levelgen mode: deterministic

509 wullow the Cutter (level 6, -1/50 HPs)
             Began as a Demonspawn Gladiator on Mar 11, 2020.
             Slain by an iguana (6 damage)
             ... on level 5 of the Dungeon on Apr 11, 2020.
             The game lasted 00:08:56 (4109 turns).

wullow the Cutter (Demonspawn Gladiator)            Turns: 4109, Time: 00:08:57

Health: -1/50      AC: 10    Str: 14    XL:     6   Next: 98%
Magic:  7/7        EV:  7    Int: 11    God:
Gold:   209        SH:  0    Dex: 15    Spells: 2/5 levels left

rFire    + . .     SeeInvis .   a - +0 rapier
rCold    . . .     Gourm    .   (no shield)
rNeg     . . .     Faith    .   A - +0 chain mail
rPois    .         Spirit   .   (helmet restricted)
rElec    .         Reflect  .   s - +0 cloak {MR+}
rCorr    .         Harm     .   (no gloves)
MR       +....                  (no boots)
Stlth    ..........             (no amulet)
HPRegen  0.16/turn              (no ring)
MPRegen  0.10/turn              (no ring)

@: lethally poisoned (-1 -> -2)
A: antennae 2, rugged brown scales 1, demonic guardian 1, fire resistance 1
a: no special abilities


You were on level 5 of the Dungeon.
You were hungry.

You visited 1 branch of the dungeon, and saw 5 of its levels.

You collected 209 gold pieces.

Inventory:

Hand Weapons
 a - a +0 rapier (weapon)
 t - a +0 dagger of venom
Missiles
 d - 3 throwing nets (quivered)
 k - 60 arrows
 n - 96 stones
 v - 34 sling bullets
Armour
 b - a +0 leather armour
 c - a +0 helmet
 s - a +0 cloak of magic resistance (worn)
 A - a +0 chain mail (worn)
Jewellery
 B - a +2 amulet of reflection {unknown}
Wands
 y - a wand of clouds (4)
Scrolls
 e - a scroll of identify {unknown}
 h - 2 scrolls of amnesia {unknown}
 j - 3 scrolls of enchant weapon {unknown}
 m - 4 scrolls of remove curse {unknown}
 o - 2 scrolls of teleportation {unknown}
 q - 2 scrolls of blinking {unknown}
 x - a scroll of immolation {unknown}
 C - a scroll of fear {unknown}
Potions
 g - 2 potions of mutation {unknown}
 i - 4 potions of curing
 l - a potion of lignification {unknown}
 p - a potion of might {unknown}
 r - a potion of resistance {unknown}
 u - a potion of heal wounds {unknown}
 w - a potion of stabbing {unknown}
 z - a potion of brilliance {unknown}
Comestibles
 f - 8 rations
 D - 2 chunks of flesh


   Skills:
 + Level 4.4 Fighting
 * Level 4.8 Short Blades
 - Level 1.7 Throwing
 + Level 4.4 Dodging
 + Level 1.3 Evocations


You had 2 spell levels left.
You knew the following spells:

 Your Spells              Type           Power        Failure   Level  Hunger
a - Mephitic Cloud        Conj/Pois/Air  #.......     100%        3    ####...

Your spell library contained the following spells:

 Spells                   Type           Power        Failure   Level  Hunger
 Magic Dart               Conj           #...         100%        1    ##.....
 Blink                    Tloc           N/A          100%        2    ###....
 Call Imp                 Summ           #.......     100%        2    ###....
 Slow                     Hex            #.......     100%        2    ###....
 Conjure Flame            Conj/Fire      #.......     100%        3    ####...


Dungeon Overview and Level Annotations

Branches:
Dungeon (5/15)             Temple (0/1) D:5

Altars:
Ashenzari
Gozag
Makhleb
Trog


Innate Abilities, Weirdness & Mutations

You have a pair of antennae on your head.
You are partially covered in rugged brown scales. (AC +1, +3% HP)
A weak demonic guardian rushes to your aid.
Your flesh is heat resistant. (rF+)


Message History

You hit the iguana.
The iguana is moderately wounded.
You feel sick. The iguana barely misses you.
You hit the iguana.
The iguana is heavily wounded.
The iguana bites you.
* * * LOW HITPOINT WARNING * * *
You closely miss the iguana.
The iguana is heavily wounded.
The iguana closely misses you.
You hit the iguana but do no damage.
The iguana is heavily wounded.
The iguana bites you.
* * * LOW HITPOINT WARNING * * *
You hit the iguana.
The iguana is severely wounded.
You are feeling hungry.
You feel sick. The iguana bites you.
You die...

.....#.## ## .####.#.## #.##
..####.#.## { #.#.#
.....##.#.## #.#l#
......##.#.## #.#{#
.......##.#.## ##.#.#
......).##.#.## ##.#.##.
.........##.#.###l#.##.... ...
......#.#.##.#.#@#.##..... ...
......###<.##.#.#.##....# ....
............##.#.##.#..# .....
..........#..##.##..#.###.....
..........#.#####.............
.......##......#..............
......###..รท....#.....<...#
....####........#.............
.......#.8.#...............#..


You could see an iguana.

Vanquished Creatures
  A phantom (D:4)
  An ogre (D:5)
  A scorpion (D:5)
  2 hounds
  2 worker ants (D:4)
  An adder (D:3)
  A worm (D:2)
  6 leopard geckos
  7 orcs
  3 ball pythons
  7 bats
  3 giant cockroaches
  8 goblins
  6 hobgoblins
  3 jackals (D:2)
  3 quokkas
  3 frilled lizards
  9 kobolds
  6 rats
73 creatures vanquished.

Vanquished Creatures (collateral kills)
  A sky beast (D:4)
  An ogre (D:4)
  An orc priest (D:4)
  A worker ant (D:4)
  A leopard gecko (D:4)
  2 orcs (D:4)
  A leopard gecko zombie (D:5)
  A quokka skeleton (D:4)
9 creatures vanquished.

Grand Total: 82 creatures vanquished

Notes
Turn   | Place    | Note
-------+----------+-------------------------------------------
     0 | D:1      | wullow the Demonspawn Gladiator began the quest for the
                  | Orb.
     0 | D:1      | Reached XP level 1. HP: 16/16 MP: 1/1
   260 | D:1      | Gained mutation: You are partially covered in rugged brown
                  | scales. (AC +1, +3% HP) [demonic ancestry]
   260 | D:1      | Reached XP level 2. HP: 16/22 MP: 2/2
  1028 | D:2      | Gained mutation: A weak demonic guardian rushes to your
                  | aid. [demonic ancestry]
  1028 | D:2      | Reached XP level 3. HP: 27/28 MP: 3/3
  1231 | D:2      | Gained mutation: You have a pair of small antennae on your
                  | head. [demonic ancestry]
  1231 | D:2      | Reached XP level 4. HP: 21/36 MP: 4/4
  1517 | D:2      | Found an opulent altar of Gozag.
  2646 | D:4      | Noticed an ogre
  2651 | D:4      | Killed an ogre
  2651 | D:4      | Gained mutation: You have a pair of antennae on your head.
                  | [demonic ancestry]
  2651 | D:4      | Reached XP level 5. HP: 42/42 MP: 5/5
  2674 | D:4      | Learned a level 3 spell: Mephitic Cloud
  2717 | D:4      | HP: 2/43 [poisoned by a worker ant]
  2881 | D:4      | Noticed a phantom
  2899 | D:4      | Killed a phantom
  2899 | D:4      | Gained mutation: Your flesh is heat resistant. (rF+)
                  | [demonic ancestry]
  2899 | D:4      | Reached XP level 6. HP: 28/49 MP: 6/6
  3081 | D:4      | Found a shattered altar of Ashenzari.
  3265 | D:4      | Noticed a sky beast
  3282 | D:4      | Upgraded the game from 0.25-a0-589-g1e14c549ee to
                  | 0.25-a0-734-g73332aeda9
  3548 | D:4      | Killed a sky beast
  3811 | D:4      | Found a burning altar of Makhleb.
  3861 | D:4      | Found a burning altar of Makhleb.
  3861 | D:4      | Found a bloodstained altar of Trog.
  3961 | D:5      | Entered Level 5 of the Dungeon
  3967 | D:5      | Found a staircase to the Ecumenical Temple.
  3997 | D:5      | Reached skill level 1 in Evocations
  4109 | D:5      | Slain by an iguana

Levels and vault maps discovered:
D:1:      elethiomel_arrival_maze, layout_loops_corners
D:2:      layout_loops_ring, grunt_gozag_statues
D:3:      layout_basic, first_ration
D:4:      layout_cave_pools, cheibrodos_ashenzari_chains,
          gammafunk_temple_overflow_wave, makhleb_heckhound_becter
D:5:      minmay_inner_zag, layout_cave_pools, lemuel_doored_altar,
          minmay_temple_entry_statues_pillars, portal_sewer_entry_d,
          uniq_blork_the_orc

Skill      XL: |  1  2  3  4  5  6 |
---------------+-------------------+-----
Dodging        | 3 4 |  4.4
Short Blades   | 3 4 |  4.8
Fighting       | 3 4 |  4.4
Evocations     | 1 |  1.3
Throwing       | |  1.7

Action                   |  1- 3 |  4- 6 || total
-------------------------+-------+-------++-------
Melee: Rapier            |   109 |   241 ||   350
Throw: Throwing net      |       |     2 ||     2
  Use: Potion            |       |     1 ||     1
 Stab: Held in net/web   |       |     1 ||     1
       Distracted        |       |     1 ||     1
       Sleeping          |       |     1 ||     1
  Eat: Chunk             |     1 |     9 ||    10
Armor: Leather armour    |    36 |    39 ||    75
       Chain mail        |       |    22 ||    22
Dodge: Dodged            |    90 |   153 ||   243

Table legend:
 A = Non-vault XP
 B = Vault XP
 C = Vault XP percentage of total XP
 D = Non-vault monster count
 E = Vault monster count
 F = Vault count percentage of total count
                 A         B        C        D         E       F
            +---------+---------+-------+---------+---------+-------
      Total |     685 |      43 |   5.9 |      81 |       1 |   1.2
            +---------+---------+-------+---------+---------+-------
        D:1 |      34 |       0 |   0.0 |      20 |       0 |   0.0
        D:2 |      73 |       0 |   0.0 |      17 |       0 |   0.0
        D:3 |      56 |       0 |   0.0 |      24 |       0 |   0.0
        D:4 |     371 |      43 |  10.4 |      16 |       1 |   5.9
        D:5 |     151 |       0 |   0.0 |       4 |       0 |   0.0
            +---------+---------+-------+---------+---------+-------
